HSSL
RANDALL HS RAIDERS @ MOUNTAIN POINTE HS
05/01/2029
 
TOP OF THE 1ST
Randall HS Raiders batting - Pitching for Mountain Pointe HS : RHP David Guy
Pitching: RHP David Guy
Batting: RHB Tony Burhoe 0-0: SINGLE (Line Drive, 8LS)
Batting: LHB Buddy Jones 0-0: Called Strike
Tony Burhoe is caught stealing 2nd base
0-1: Fly out, F9 (Flyball, 9S)
Batting: RHB Cory Douglas 0-0: TRIPLE (Flyball, 78XD)
Batting: RHB John Zhu 0-0: Ball
1-0: Ball
2-0: Foul Ball, location: 2F
2-1: Swinging Strike
2-2: Fly out, F3 (Line Drive, 3)
Top of the 1st over - 0 runs, 2 hits, 0 errors, 1 left on base; Randall HS 0 - Mountain Pointe HS 0
BOTTOM OF THE 1ST
Mountain Pointe HS batting - Pitching for Randall HS Raiders : RHP Ronald Baker
Pitching: RHP Ronald Baker
Batting: LHB Jesús Romero 0-0: Foul Ball, location: 2F
0-1: Ball
1-1: Called Strike
1-2: Ball
2-2: Ball
3-2: Strikes out swinging
Batting: RHB Vince Scovell 0-0: Ball
1-0: Foul Ball, location: 2F
1-1: Foul Ball, location: 2F
1-2: TRIPLE (Flyball, 8RXD)
Batting: LHB Jeff Turner 0-0: Called Strike
0-1: Foul Ball, location: 2F
0-2: Ball
1-2: 2-RUN HOME RUN (Flyball, 7LD), Distance : 370 ft
Batting: LHB Benny Lawson 0-0: Ground out 4-3 (Groundball, 34D)
Batting: RHB Matt Lehman 0-0: Called Strike
0-1: Foul Ball, location: 2F
0-2: Ground out U3 (Groundball, 3)
Bottom of the 1st over - 2 runs, 2 hits, 0 errors, 0 left on base; Randall HS 0 - Mountain Pointe HS 2
TOP OF THE 2ND
Randall HS Raiders batting - Pitching for Mountain Pointe HS : RHP David Guy
Batting: SHB Keith Ryan 0-0: Ball
1-0: Called Strike
1-1: Ball
2-1: Swinging Strike
2-2: Ball
3-2: Foul Ball, location: 2F
3-2: Strikes out swinging
Batting: RHB Brody Sexton 0-0: SINGLE (Flyball, 78M)
Batting: RHB Jesús Salazar 0-0: Ball
1-0: Ball
2-0: Ball
3-0: Base on Balls
Brody Sexton to second
Batting: RHB Don Ulrich 0-0: Ball
1-0: Foul Ball, location: 2F
1-1: Swinging Strike
1-2: Strikes out looking
Batting: RHB Luis Sánchez 0-0: Called Strike
0-1: Ball
1-1: Swinging Strike
1-2: Ground out 6-3 (Groundball, 6S)
Top of the 2nd over - 0 runs, 1 hit, 0 errors, 2 left on base; Randall HS 0 - Mountain Pointe HS 2
BOTTOM OF THE 2ND
Mountain Pointe HS batting - Pitching for Randall HS Raiders : RHP Ronald Baker
Batting: SHB Zach Weaver 0-0: Foul Ball, location: 2F
0-1: Foul Ball, location: 2F
0-2: Strikes out looking and he ARGUES THE CALL AND IS TOSSED!
Batting: RHB Reggie Snyder 0-0: Called Strike
0-1: Ball
1-1: Ball
2-1: Called Strike
2-2: Ball
3-2: Base on Balls
Batting: RHB Mike Ware 0-0: Ball
1-0: Grounds into double play, 5-4-3 (Groundball, 56)
Bottom of the 2nd over - 0 runs, 0 hits, 0 errors, 0 left on base; Randall HS 0 - Mountain Pointe HS 2
TOP OF THE 3RD
Randall HS Raiders batting - Pitching for Mountain Pointe HS : RHP David Guy
Now at 2B: Thomas Barnes
Batting: RHB Tony Burhoe 0-0: Fly out, F5 (Line Drive, 5L)
Batting: LHB Buddy Jones 0-0: Foul Ball, location: 2F
0-1: Fly out, F5 (Popup, 5SF)
Batting: RHB Cory Douglas 0-0: Ball
1-0: Foul Ball, location: 2F
1-1: Ball
2-1: Swinging Strike
2-2: Strikes out swinging
Top of the 3rd over - 0 runs, 0 hits, 0 errors, 0 left on base; Randall HS 0 - Mountain Pointe HS 2
BOTTOM OF THE 3RD
Mountain Pointe HS batting - Pitching for Randall HS Raiders : RHP Ronald Baker
Batting: RHB Bill Wells 0-0: Called Strike
0-1: Called Strike
0-2: SINGLE (Line Drive, 6MD)
Batting: LHB Jesús Romero 0-0: Ball
1-0: Foul Ball, location: 2F
1-1: Foul Ball, location: 2F
1-2: Ball
Passed Ball!
Bill Wells to second
2-2: Fly out, F8 (Flyball, 8RS)
Batting: RHB Vince Scovell 0-0: Ball
1-0: Swinging Strike
1-1: Foul Ball, location: 2F
1-2: Reached on error, E9 (Flyball, 9S)
Bill Wells to third
Batting: LHB Jeff Turner 0-0: Ball
1-0: Called Strike
1-1: Called Strike
1-2: DOUBLE (Flyball, 89D)
Bill Wells scores
Vince Scovell to third
Batting: LHB Benny Lawson 0-0: Called Strike
0-1: Ball
1-1: Ball
2-1: Swinging Strike
2-2: Fly out, F8 (Flyball, 8RD)
Runner from 3rd tags up, SCORES, throw made
Batting: RHB Matt Lehman 0-0: Ball
1-0: Ball
2-0: Ball
3-0: Called Strike
3-1: Called Strike
3-2: Ground out 5-3 (Groundball, 56)
Bottom of the 3rd over - 2 runs, 2 hits, 1 error, 1 left on base; Randall HS 0 - Mountain Pointe HS 4
TOP OF THE 4TH
Randall HS Raiders batting - Pitching for Mountain Pointe HS : RHP David Guy
Batting: RHB John Zhu 0-0: Ball
1-0: Called Strike
1-1: Foul Ball, location: 2F
1-2: Ground out 5-3 (Groundball, 5)
Batting: SHB Keith Ryan 0-0: Foul Ball, location: 2F
0-1: Called Strike
0-2: Strikes out swinging
Batting: RHB Brody Sexton 0-0: Ball
1-0: Called Strike
1-1: Ball
2-1: Foul Ball, location: 2F
2-2: Ball
3-2: Foul Ball, location: 2F
3-2: Fly out, F9 (Flyball, 9S)
Top of the 4th over - 0 runs, 0 hits, 0 errors, 0 left on base; Randall HS 0 - Mountain Pointe HS 4
BOTTOM OF THE 4TH
Mountain Pointe HS batting - Pitching for Randall HS Raiders : RHP Ronald Baker
Batting: SHB Thomas Barnes 0-0: Ball
1-0: Fly out, F6 (Line Drive, 6M)
Batting: RHB Reggie Snyder 0-0: Ball
1-0: SINGLE (Groundball, 34D)
Batting: RHB Mike Ware 0-0: Ball
1-0: Ball
2-0: Ball
3-0: Base on Balls
Reggie Snyder to second
Batting: RHB Bill Wells 0-0: Ball
1-0: Ball
2-0: Grounds into double play, 6-4-3 (Groundball, 6)
Bottom of the 4th over - 0 runs, 1 hit, 0 errors, 1 left on base; Randall HS 0 - Mountain Pointe HS 4
TOP OF THE 5TH
Randall HS Raiders batting - Pitching for Mountain Pointe HS : RHP David Guy
Batting: RHB Jesús Salazar 0-0: Ball
1-0: Foul Ball, location: 2F
1-1: Ground out 6-3 (Groundball, 6)
Batting: RHB Don Ulrich 0-0: Ball
1-0: Ball
2-0: Ball
3-0: Called Strike
3-1: Base on Balls
Batting: RHB Luis Sánchez 0-0: Ball
1-0: Ball
2-0: SINGLE (Flyball, 89S)
Don Ulrich to second
Batting: RHB Tony Burhoe 0-0: Called Strike
Don Ulrich is caught stealing 3rd base
0-1: Ball
1-1: Foul Ball, location: 2F
1-2: Strikes out swinging
Top of the 5th over - 0 runs, 1 hit, 0 errors, 1 left on base; Randall HS 0 - Mountain Pointe HS 4
BOTTOM OF THE 5TH
Mountain Pointe HS batting - Pitching for Randall HS Raiders : RHP Ronald Baker
Batting: LHB Jesús Romero 0-0: Called Strike
0-1: Ball
1-1: Called Strike
1-2: Ground out 6-3 (Groundball, 6M)
Batting: RHB Vince Scovell 0-0: Ball
1-0: Ball
2-0: Swinging Strike
2-1: Reached on error, E7 (Flyball, 7LM)
Pitching: LHP Bill Bond
Batting: LHB Jeff Turner 0-0: SINGLE (Line Drive, 8RS)
Vince Scovell to second
Batting: LHB Benny Lawson 0-0: Fly out, F2 (Popup, 2R)
Batting: RHB Matt Lehman 0-0: Ball
1-0: Ball
2-0: Fly out, F9 (Flyball, 89M)
Bottom of the 5th over - 0 runs, 1 hit, 1 error, 2 left on base; Randall HS 0 - Mountain Pointe HS 4
TOP OF THE 6TH
Randall HS Raiders batting - Pitching for Mountain Pointe HS : RHP David Guy
Batting: LHB Buddy Jones 0-0: Called Strike
0-1: Ball
1-1: Ball
2-1: Called Strike
2-2: Fly out, F9 (Flyball, 89D)
Batting: RHB Cory Douglas 0-0: Swinging Strike
0-1: Ball
1-1: Fly out, F9 (Flyball, 89S)
Batting: RHB John Zhu 0-0: Called Strike
0-1: Foul Ball, location: 2F
0-2: Fly out, F7 (Flyball, 78D)
Top of the 6th over - 0 runs, 0 hits, 0 errors, 0 left on base; Randall HS 0 - Mountain Pointe HS 4
BOTTOM OF THE 6TH
Mountain Pointe HS batting - Pitching for Randall HS Raiders : LHP Bill Bond
Batting: SHB Thomas Barnes 0-0: Foul Ball, location: 2F
0-1: Swinging Strike
0-2: Foul Ball, location: 2F
0-2: Strikes out swinging
Batting: RHB Reggie Snyder 0-0: Ball
1-0: SOLO HOME RUN (Flyball, 78XD), Distance : 426 ft
Batting: RHB Mike Ware 0-0: SINGLE (Groundball, 4MD)
Batting: RHB Bill Wells 0-0: Called Strike
0-1: Foul Ball, location: 2F
0-2: Ball
1-2: Ball
2-2: Ball
3-2: Strikes out looking
Batting: LHB Jesús Romero 0-0: Ball
1-0: Ball
2-0: Called Strike
2-1: Ball
3-1: Base on Balls
Mike Ware to second
Batting: RHB Vince Scovell 0-0: Called Strike
0-1: Ball
1-1: 3-RUN HOME RUN (Line Drive, 78XD), Distance : 432 ft
Batting: LHB Jeff Turner 0-0: SINGLE (Line Drive, 8RS)
Batting: LHB Benny Lawson 0-0: Ball
Error on foul ball, E2
1-1: Swinging Strike
1-2: Ball
2-2: Ball
3-2: Base on Balls
Jeff Turner to second
Batting: RHB Matt Lehman 0-0: Ball
1-0: Ball
2-0: Ball
3-0: Base on Balls
Jeff Turner to third
Benny Lawson to second
Batting: SHB Thomas Barnes 0-0: Ball
1-0: Ball
2-0: Ball
3-0: Base on Balls
Jeff Turner scores
Benny Lawson to third
Matt Lehman to second
Batting: RHB Reggie Snyder 0-0: Called Strike
0-1: Ball
1-1: Called Strike
1-2: Fly out, F9 (Flyball, 9)
Bottom of the 6th over - 5 runs, 4 hits, 1 error, 3 left on base; Randall HS 0 - Mountain Pointe HS 9
TOP OF THE 7TH
Randall HS Raiders batting - Pitching for Mountain Pointe HS : RHP David Guy
Batting: SHB Keith Ryan 0-0: Called Strike
0-1: Foul Ball, location: 2F
0-2: Ball
1-2: Foul Ball, location: 2F
1-2: Strikes out swinging
Pitching: RHP Joe Henderson
Batting: RHB Brody Sexton 0-0: Called Strike
0-1: Ball
1-1: Ball
2-1: Ball
3-1: Ground out 6-3 (Groundball, 6M)
Batting: RHB Jesús Salazar 0-0: Called Strike
0-1: Fly out, F5 (Popup, 5SF)
Top of the 7th over - 0 runs, 0 hits, 0 errors, 0 left on base; Randall HS 0 - Mountain Pointe HS 9
BOTTOM OF THE 7TH
Mountain Pointe HS batting - Pitching for Randall HS Raiders : LHP Bill Bond
Batting: RHB Mike Ware 0-0: DOUBLE (Flyball, 78D)
Batting: RHB Bill Wells 0-0: Called Strike
0-1: Ball
1-1: Swinging Strike
1-2: Foul Ball, location: 2F
1-2: Ball
2-2: Ball
3-2: Foul Ball, location: 2F
3-2: Base on Balls
Batting: LHB Jesús Romero 0-0: Swinging Strike
0-1: Foul Ball, location: 2F
0-2: Strikes out looking
Pitching: RHP Branson Dadswell
Batting: RHB Vince Scovell 0-0: Fly out, F7 (Flyball, 7S)
Batting: LHB Jeff Turner 0-0: Ball
1-0: Foul Ball, location: 2F
1-1: Foul Ball, location: 2F
1-2: Ball
2-2: Foul Ball, location: 2F
2-2: Foul Ball, location: 2F
2-2: Ball
3-2: Base on Balls
Mike Ware to third
Bill Wells to second
Batting: LHB Benny Lawson 0-0: Ball
1-0: Swinging Strike
1-1: GRAND SLAM HOME RUN (Flyball, 9D), Distance : 388 ft
Batting: RHB Matt Lehman 0-0: Ball
1-0: Called Strike
1-1: Ground out 6-3 (Groundball, 6)
Bottom of the 7th over - 4 runs, 2 hits, 0 errors, 0 left on base; Randall HS 0 - Mountain Pointe HS 13
TOP OF THE 8TH
Randall HS Raiders batting - Pitching for Mountain Pointe HS : RHP Joe Henderson
Batting: RHB Don Ulrich 0-0: Ground out U3 (Groundball, 3)
Batting: RHB Luis Sánchez 0-0: Ball
1-0: Called Strike
1-1: Ball
2-1: Fly out, F9 (Flyball, 89S)
Batting: RHB Tony Burhoe 0-0: Ball
1-0: Swinging Strike
1-1: Ball
2-1: Ground out 3-1 (Groundball, 34)
Top of the 8th over - 0 runs, 0 hits, 0 errors, 0 left on base; Randall HS 0 - Mountain Pointe HS 13
BOTTOM OF THE 8TH
Mountain Pointe HS batting - Pitching for Randall HS Raiders : RHP Branson Dadswell
Batting: SHB Thomas Barnes 0-0: Ball
1-0: Called Strike
1-1: Ball
2-1: Ball
3-1: Foul Ball, location: 2F
3-2: Fly out, F8 (Line Drive, 8LS)
Batting: RHB Reggie Snyder 0-0: Swinging Strike
0-1: Called Strike
0-2: Ball
1-2: Foul Ball, location: 2F
1-2: Fly out, F8 (Line Drive, 8RM)
Batting: RHB Mike Ware 0-0: Foul Ball, location: 2F
0-1: Ball
1-1: SINGLE (Groundball, 34D)
Batting: RHB Bill Wells 0-0: Called Strike
0-1: Called Strike
0-2: Ball
Mike Ware steals 2nd base
1-2: DOUBLE (Flyball, 89D)
Mike Ware scores
Batting: LHB Jesús Romero 0-0: Ground out U3 (Groundball, 3L)
Bottom of the 8th over - 1 run, 2 hits, 0 errors, 1 left on base; Randall HS 0 - Mountain Pointe HS 14
TOP OF THE 9TH
Randall HS Raiders batting - Pitching for Mountain Pointe HS : RHP Joe Henderson
Now at C: Mark Fry
Batting: LHB Buddy Jones 0-0: Foul Ball, location: 2F
0-1: Ball
1-1: Ball
2-1: Foul Ball, location: 2F
2-2: Ball
3-2: Base on Balls
Batting: RHB Cory Douglas 0-0: Ball
1-0: Ball
2-0: Ball
Passed Ball!
Buddy Jones to second
3-0: Base on Balls
Batting: RHB John Zhu 0-0: Foul Ball, location: 2F
0-1: Fly out, F8 (Flyball, 8RS)
Batting: SHB Keith Ryan 0-0: Ball
1-0: Hit by Pitch
Buddy Jones to third
Cory Douglas to second
Batting: RHB Brody Sexton 0-0: Ball
1-0: Ball
2-0: GRAND SLAM HOME RUN (Flyball, 7LD), Distance : 355 ft
Batting: RHB Jesús Salazar 0-0: Swinging Strike
0-1: Ball
1-1: DOUBLE (Line Drive, 89D)
Batting: RHB Don Ulrich 0-0: Ground out 4-3 (Groundball, 4M)
Jesús Salazar to third
Batting: RHB Luis Sánchez 0-0: Called Strike
0-1: Ball
1-1: Called Strike
1-2: Ball
2-2: Ball
3-2: Base on Balls
Batting: RHB Tony Burhoe 0-0: Called Strike
0-1: Ball
1-1: Foul Ball, location: 2F
1-2: Ball
2-2: Ball
3-2: Foul Ball, location: 2F
3-2: Foul Ball, location: 2F
3-2: Foul Ball, location: 2F
3-2: Foul Ball, location: 2F
3-2: Base on Balls
Luis Sánchez to second
Batting: LHB Buddy Jones 0-0: Ground out 3-1 (Groundball, 34S)
Top of the 9th over - 4 runs, 2 hits, 0 errors, 3 left on base; Randall HS 4 - Mountain Pointe HS 14
Saturday, December 16th, 2017 - OOTP Baseball 18.8 Build 76